NWL (28 & UNDER)
RED DEER WRANGLERS @ RIVERSIDE RED BULLS
05/28/2030
 
TOP OF THE 1ST
Red Deer Wranglers batting - Pitching for Riverside Red Bulls : RHP Shawn Montoya
Pitching: RHP Shawn Montoya
Batting: LHB Francisco Blanco 0-0: Ball
1-0: Foul Ball, location: 2F
1-1: Swinging Strike
1-2: Foul Ball, location: 2F
1-2: Strikes out swinging
Batting: RHB Xavier López 0-0: Foul Ball, location: 2F
0-1: Hit by Pitch
Batting: RHB Julián García 0-0: Ball
1-0: Ball
2-0: Foul Ball, location: 2F
2-1: Ball
3-1: Swinging Strike
3-2: Base on Balls
Xavier López to second
Batting: SHB Stan Gómez 0-0: Called Strike
0-1: Swinging Strike
0-2: Ball
1-2: Foul Ball, location: 2F
1-2: Foul Ball, location: 2F
1-2: Fly out, F7 (Flyball, 7S)
Batting: LHB Jorge Olvera 0-0: Ball
1-0: Foul Ball, location: 2F
1-1: Ball
2-1: Ball
3-1: Base on Balls
Xavier López to third
Julián García to second
Batting: RHB Rijk de Rade 0-0: Foul Ball, location: 2F
0-1: Ball
1-1: Ball
2-1: Ball
3-1: Base on Balls
Xavier López scores
Julián García to third
Jorge Olvera to second
Batting: RHB Ben Fisher 0-0: Called Strike
0-1: Ball
1-1: Swinging Strike
1-2: Foul Ball, location: 2F
1-2: Fielders Choice at 2nd, 6-4 (Groundball, 6)
Top of the 1st over - 1 run, 0 hits, 0 errors, 3 left on base; Red Deer 1 - Riverside 0
BOTTOM OF THE 1ST
Riverside Red Bulls batting - Pitching for Red Deer Wranglers : RHP Luis Costa
Pitching: RHP Luis Costa
Batting: SHB Carlos Ramírez 0-0: Ball
1-0: Ball
2-0: Ball
3-0: Foul Ball, location: 2F
3-1: Foul Ball, location: 2F
3-2: SINGLE (Groundball, 34D)
Batting: RHB John Burton 0-0: Ball
Carlos Ramírez is caught stealing 2nd base
1-0: Foul Ball, location: 2F
1-1: Swinging Strike
1-2: Fly out, F8 (Flyball, 8RM)
Batting: SHB Enrique Uribe 0-0: Fly out, F6 (Popup, 6M)
Bottom of the 1st over - 0 runs, 1 hit, 0 errors, 0 left on base; Red Deer 1 - Riverside 0
TOP OF THE 2ND
Red Deer Wranglers batting - Pitching for Riverside Red Bulls : RHP Shawn Montoya
Batting: RHB Allen Brown 0-0: Called Strike
0-1: SINGLE (Groundball, 6D)
Batting: RHB Art Cameron 0-0: Called Strike
0-1: Ball
1-1: Ball
2-1: Fielders Choice at 2nd, 4-6 (Groundball, 4)
Batting: LHB Francisco Blanco 0-0: Ball
1-0: Called Strike
1-1: Foul Ball, location: 2F
1-2: Ball
2-2: Ball
3-2: Foul Ball, location: 2F
3-2: Ground out 6-3 (Groundball, 6)
Art Cameron to second
Batting: RHB Xavier López 0-0: Called Strike
0-1: Ball
1-1: Ball
2-1: Ground out 6-3 (Groundball, 56D)
Top of the 2nd over - 0 runs, 1 hit, 0 errors, 1 left on base; Red Deer 1 - Riverside 0
BOTTOM OF THE 2ND
Riverside Red Bulls batting - Pitching for Red Deer Wranglers : RHP Luis Costa
Batting: LHB Gabriel Estrada 0-0: Ball
1-0: Foul Ball, location: 2F
1-1: Ball
2-1: Ball
3-1: SOLO HOME RUN (Flyball, 89XD), Distance : 401 ft
Batting: RHB Bobby Miller 0-0: Ball
1-0: Ball
2-0: Swinging Strike
2-1: Ground out 6-3 (Groundball, 6)
Batting: RHB Rich Crabtree 0-0: Ball
1-0: Foul Ball, location: 2F
1-1: Called Strike
1-2: Strikes out swinging
Batting: RHB Randall Luna 0-0: Ball
1-0: Called Strike
1-1: Swinging Strike
1-2: Strikes out looking
Bottom of the 2nd over - 1 run, 1 hit, 0 errors, 0 left on base; Red Deer 1 - Riverside 1
TOP OF THE 3RD
Red Deer Wranglers batting - Pitching for Riverside Red Bulls : RHP Shawn Montoya
Batting: RHB Julián García 0-0: Ball
1-0: Swinging Strike
1-1: Ground out 5-3 (Groundball, 56S)
Batting: SHB Stan Gómez 0-0: Ball
1-0: Ball
2-0: Ball
3-0: Swinging Strike
3-1: Swinging Strike
3-2: Strikes out swinging
Batting: LHB Jorge Olvera 0-0: Ball
1-0: Ball
2-0: Ball
3-0: Base on Balls
Batting: RHB Rijk de Rade 0-0: Ball
1-0: Foul Ball, location: 2F
1-1: Ball
2-1: Fly out, F9 (Flyball, 89M)
Top of the 3rd over - 0 runs, 0 hits, 0 errors, 1 left on base; Red Deer 1 - Riverside 1
BOTTOM OF THE 3RD
Riverside Red Bulls batting - Pitching for Red Deer Wranglers : RHP Luis Costa
Batting: RHB Steve West 0-0: Foul Ball, location: 2F
0-1: Ball
1-1: Ball
2-1: Ball
3-1: Swinging Strike
3-2: Strikes out looking
Batting: RHB Pete Woods 0-0: Called Strike
0-1: Ball
1-1: Ball
2-1: Foul Ball, location: 2F
2-2: Ball
3-2: Foul Ball, location: 2F
3-2: SINGLE (Line Drive, 7S)
Batting: SHB Carlos Ramírez 0-0: Ball
1-0: Called Strike
1-1: Fly out, F8 (Line Drive, 8LM)
Batting: RHB John Burton 0-0: Called Strike
0-1: Foul Ball, location: 2F
0-2: Hit by Pitch
Pete Woods to second
Batting: SHB Enrique Uribe 0-0: Called Strike
0-1: Foul Ball, location: 2F
0-2: Ball
1-2: Ground out 1-3 (Groundball, 13S)
Bottom of the 3rd over - 0 runs, 1 hit, 0 errors, 2 left on base; Red Deer 1 - Riverside 1
TOP OF THE 4TH
Red Deer Wranglers batting - Pitching for Riverside Red Bulls : RHP Shawn Montoya
Batting: RHB Ben Fisher 0-0: Called Strike
0-1: Ball
1-1: Called Strike
1-2: Strikes out swinging
Batting: RHB Allen Brown 0-0: Ball
1-0: Ball
2-0: Called Strike
2-1: Foul Ball, location: 2F
2-2: SINGLE (Groundball, 6) (infield hit)
Batting: RHB Art Cameron 0-0: Called Strike
0-1: Ball
1-1: Ball
2-1: Ball
3-1: Foul Ball, location: 2F
3-2: Strikes out swinging
Batting: LHB Francisco Blanco 0-0: Called Strike
0-1: Ball
1-1: Swinging Strike
1-2: SINGLE (Groundball, 56D)
Allen Brown to second
Batting: RHB Xavier López 0-0: Ball
1-0: Called Strike
1-1: Foul Ball, location: 2F
1-2: Foul Ball, location: 2F
1-2: Fly out, F6 (Popup, 6MS)
Top of the 4th over - 0 runs, 2 hits, 0 errors, 2 left on base; Red Deer 1 - Riverside 1
BOTTOM OF THE 4TH
Riverside Red Bulls batting - Pitching for Red Deer Wranglers : RHP Luis Costa
Batting: LHB Gabriel Estrada 0-0: Called Strike
0-1: Called Strike
0-2: Strikes out swinging
Batting: RHB Bobby Miller 0-0: Ball
1-0: Called Strike
1-1: Swinging Strike
1-2: Ball
2-2: Ball
3-2: Foul Ball, location: 2F
3-2: Ground out 6-3 (Groundball, 56)
Batting: RHB Rich Crabtree 0-0: Ball
1-0: Ball
2-0: Called Strike
2-1: Foul Ball, location: 2F
2-2: Ball
3-2: Strikes out swinging
Bottom of the 4th over - 0 runs, 0 hits, 0 errors, 0 left on base; Red Deer 1 - Riverside 1
TOP OF THE 5TH
Red Deer Wranglers batting - Pitching for Riverside Red Bulls : RHP Shawn Montoya
Batting: RHB Julián García 0-0: Ball
1-0: Ball
2-0: SINGLE (Flyball, 8RS)
Pitching: RHP Will Robinson
Batting: SHB Stan Gómez 0-0: Ball
1-0: Called Strike
Julián García steals 2nd base
1-1: Ball
2-1: Foul Ball, location: 2F
2-2: SINGLE (Line Drive, 4MD)
Julián García to third
Runner from 3rd tries for Home, SAFE, throw made home
Batting: LHB Jorge Olvera 0-0: Ball
1-0: Fly out, F7 (Flyball, 7S)
Batting: RHB Rijk de Rade 0-0: Foul Ball, location: 2F
0-1: Ball
1-1: Ball
2-1: Ball
3-1: Base on Balls
Stan Gómez to second
Batting: RHB Ben Fisher 0-0: Foul Ball, location: 2F
0-1: Swinging Strike
0-2: Ball
1-2: Foul Ball, location: 2F
1-2: Ball
2-2: Foul Ball, location: 2F
2-2: Strikes out swinging
Batting: RHB Allen Brown 0-0: Swinging Strike
0-1: Ball
1-1: Ball
2-1: Fly out, F9 (Flyball, 9S)
Top of the 5th over - 1 run, 2 hits, 0 errors, 2 left on base; Red Deer 2 - Riverside 1
BOTTOM OF THE 5TH
Riverside Red Bulls batting - Pitching for Red Deer Wranglers : RHP Luis Costa
Batting: RHB Randall Luna 0-0: Ball
1-0: Bunted foul
1-1: Ball
2-1: Foul Ball, location: 2F
2-2: Ground out 5-3 (Groundball, 56)
Batting: RHB Steve West 0-0: Ball
1-0: Called Strike
1-1: Foul Ball, location: 2F
1-2: Strikes out swinging
Batting: RHB Pete Woods 0-0: Called Strike
0-1: Ground out 1-3 (Groundball, 13S)
Bottom of the 5th over - 0 runs, 0 hits, 0 errors, 0 left on base; Red Deer 2 - Riverside 1
TOP OF THE 6TH
Red Deer Wranglers batting - Pitching for Riverside Red Bulls : RHP Will Robinson
Batting: RHB Art Cameron 0-0: Fly out, F3 (Line Drive, 3S)
Batting: LHB Francisco Blanco 0-0: Called Strike
0-1: Called Strike
0-2: Ball
1-2: Ball
2-2: Foul Ball, location: 2F
2-2: Strikes out looking
Batting: RHB Xavier López 0-0: Called Strike
0-1: Ball
1-1: Swinging Strike
1-2: Ball
2-2: Foul Ball, location: 2F
2-2: Strikes out looking
Top of the 6th over - 0 runs, 0 hits, 0 errors, 0 left on base; Red Deer 2 - Riverside 1
BOTTOM OF THE 6TH
Riverside Red Bulls batting - Pitching for Red Deer Wranglers : RHP Luis Costa
Batting: SHB Carlos Ramírez 0-0: Swinging Strike
0-1: Foul Ball, location: 2F
0-2: Ball
1-2: Foul Ball, location: 2F
1-2: Foul Ball, location: 2F
1-2: Ground out 4-3 (Groundball, 4)
Batting: RHB John Burton 0-0: Foul Ball, location: 2F
0-1: Ball
1-1: Foul Ball, location: 2F
1-2: SINGLE (Groundball, 56D)
Batting: SHB Enrique Uribe 0-0: Fly out, F6 (Popup, 6)
Batting: LHB Gabriel Estrada 0-0: Called Strike
0-1: Ball
1-1: Ground out 4-3 (Groundball, 4)
Bottom of the 6th over - 0 runs, 1 hit, 0 errors, 1 left on base; Red Deer 2 - Riverside 1
TOP OF THE 7TH
Red Deer Wranglers batting - Pitching for Riverside Red Bulls : RHP Will Robinson
Batting: RHB Julián García 0-0: Foul Ball, location: 2F
0-1: Fly out, F9 (Flyball, 89M)
Batting: SHB Stan Gómez 0-0: Foul Ball, location: 2F
0-1: Ball
1-1: Ball
2-1: Called Strike
2-2: Ball
3-2: Foul Ball, location: 2F
3-2: Strikes out swinging
Batting: LHB Jorge Olvera 0-0: Ball
1-0: Called Strike
1-1: Ball
2-1: Ball
3-1: Base on Balls
Batting: RHB Rijk de Rade 0-0: Foul Ball, location: 2F
0-1: Foul Ball, location: 2F
0-2: Foul Ball, location: 2F
0-2: Strikes out looking
Top of the 7th over - 0 runs, 0 hits, 0 errors, 1 left on base; Red Deer 2 - Riverside 1
BOTTOM OF THE 7TH
Riverside Red Bulls batting - Pitching for Red Deer Wranglers : RHP Luis Costa
Batting: RHB Bobby Miller 0-0: Swinging Strike
0-1: Swinging Strike
0-2: Strikes out swinging
Batting: RHB Rich Crabtree 0-0: Called Strike
0-1: Called Strike
0-2: Ball
1-2: Ground out 6-3 (Groundball, 6)
Batting: RHB Randall Luna 0-0: Foul Ball, location: 2F
0-1: Foul Ball, location: 2F
0-2: Ball
1-2: Strikes out looking
Bottom of the 7th over - 0 runs, 0 hits, 0 errors, 0 left on base; Red Deer 2 - Riverside 1
TOP OF THE 8TH
Red Deer Wranglers batting - Pitching for Riverside Red Bulls : RHP Will Robinson
Batting: RHB Ben Fisher 0-0: Ball
1-0: Ball
2-0: Ball
3-0: Called Strike
3-1: Base on Balls
Batting: RHB Allen Brown 0-0: Ball
1-0: Swinging Strike
1-1: Foul Ball, location: 2F
1-2: SINGLE (Flyball, 7LS)
Ben Fisher to second
Pinch Hitting: SHB Robbie Rhodes 0-0: Sac Bunt - play at first, batter OUT! 5-4
Ben Fisher to third
Allen Brown to second
Batting: LHB Francisco Blanco 0-0: Intentional Walk
Batting: RHB Xavier López 0-0: Called Strike
0-1: Ball
1-1: Ball
2-1: Ball
3-1: Foul Ball, location: 2F
3-2: Foul Ball, location: 2F
3-2: SINGLE (Groundball, 6D)
Ben Fisher scores
Allen Brown to third
Francisco Blanco to second
Batting: RHB Julián García 0-0: Fly out, F8 (Flyball, 8RS)
Runner from 3rd tags up, OUT at HOME
Top of the 8th over - 1 run, 2 hits, 0 errors, 2 left on base; Red Deer 3 - Riverside 1
BOTTOM OF THE 8TH
Riverside Red Bulls batting - Pitching for Red Deer Wranglers : RHP Luis Costa
Pitching: RHP Daniel Casey
Now at 2B: Robbie Rhodes
Batting: RHB Steve West 0-0: Called Strike
0-1: Called Strike
0-2: Ball
1-2: Ball
2-2: Ball
3-2: TRIPLE (Flyball, 8RXD)
Batting: RHB Pete Woods 0-0: Ball
1-0: Ball
2-0: Ball
3-0: Base on Balls
Pinch Runner at 1st Juan Morales:
Batting: SHB Carlos Ramírez 0-0: Foul Ball, location: 2F
0-1: Foul Ball, location: 2F
0-2: Ball
1-2: Strikes out swinging
Batting: RHB John Burton 0-0: Called Strike
0-1: Ball
1-1: Ball
2-1: Ground out 4-3 (Groundball, 34)
Steve West scores
Juan Morales to second
Batting: SHB Enrique Uribe 0-0: Ball
1-0: DOUBLE (Groundball, 3L)
Juan Morales scores
Pitching: LHP Macy Catron
Batting: LHB Gabriel Estrada 0-0: Ball
1-0: Foul Ball, location: 2F
1-1: Fly out, F7 (Flyball, 78M)
Bottom of the 8th over - 2 runs, 2 hits, 0 errors, 1 left on base; Red Deer 3 - Riverside 3
TOP OF THE 9TH
Red Deer Wranglers batting - Pitching for Riverside Red Bulls : RHP Will Robinson
Pitching: RHP Ricardo López
Now at 3B: Juan Morales
Batting: SHB Stan Gómez 0-0: Called Strike
0-1: Called Strike
0-2: Foul Ball, location: 2F
0-2: Ball
1-2: Foul Ball, location: 2F
1-2: SINGLE (Groundball, 4MD)
Batting: LHB Jorge Olvera 0-0: Ball
1-0: Called Strike
1-1: Swinging Strike
1-2: Foul Ball, location: 2F
1-2: Strikes out looking
Batting: RHB Rijk de Rade 0-0: Called Strike
0-1: Ball
1-1: Foul Ball, location: 2F
1-2: Strikes out swinging
Batting: RHB Ben Fisher 0-0: Called Strike
0-1: Called Strike
Stan Gómez steals 2nd base
0-2: Strikes out swinging
Top of the 9th over - 0 runs, 1 hit, 0 errors, 1 left on base; Red Deer 3 - Riverside 3
BOTTOM OF THE 9TH
Riverside Red Bulls batting - Pitching for Red Deer Wranglers : LHP Macy Catron
Batting: RHB Bobby Miller 0-0: Ball
1-0: Ball
2-0: Called Strike
2-1: Foul Ball, location: 2F
2-2: Strikes out looking
Batting: RHB Rich Crabtree 0-0: SINGLE (Line Drive, 56D)
Batting: RHB Randall Luna 0-0: Called Strike
0-1: Swinging Strike
0-2: Ball
1-2: Strikes out swinging
Batting: RHB Steve West 0-0: Ball
1-0: Foul Ball, location: 2F
1-1: Foul Ball, location: 2F
1-2: Strikes out swinging
Bottom of the 9th over - 0 runs, 1 hit, 0 errors, 1 left on base; Red Deer 3 - Riverside 3
TOP OF THE 10TH
Red Deer Wranglers batting - Pitching for Riverside Red Bulls : RHP Ricardo López
Pinch Hitting: RHB Pedro Cabrera 0-0: Fly out, F5 (Line Drive, 56)
Batting: SHB Robbie Rhodes 0-0: Foul Ball, location: 2F
0-1: Ball
1-1: Ball
2-1: Ball
3-1: Base on Balls
Batting: LHB Francisco Blanco 0-0: Ball
Robbie Rhodes is caught stealing 2nd base
1-0: Ball
2-0: Foul Ball, location: 2F
2-1: Foul Ball, location: 2F
2-2: Ball
3-2: SINGLE (Groundball, 56D)
Batting: RHB Xavier López 0-0: Called Strike
0-1: Ball
1-1: Ball
2-1: Swinging Strike
2-2: Ground out 3-1 (Groundball, 34S)
Top of the 10th over - 0 runs, 1 hit, 0 errors, 1 left on base; Red Deer 3 - Riverside 3
BOTTOM OF THE 10TH
Riverside Red Bulls batting - Pitching for Red Deer Wranglers : LHP Macy Catron
Pitching: RHP Raúl Zumaya
Now at C: Ricardo González
Pinch Hitting: LHB Miguel Gálvez 0-0: Called Strike
0-1: Foul Ball, location: 2F
0-2: Foul Ball, location: 2F
0-2: Ground out 4-3 (Groundball, 4M)
Batting: SHB Carlos Ramírez 0-0: SINGLE (Groundball, 34D)
Batting: RHB John Burton 0-0: Foul Ball, location: 2F
0-1: Ball
1-1: Called Strike
1-2: Strikes out swinging
Batting: SHB Enrique Uribe 0-0: Ball
1-0: Ball
2-0: Called Strike
2-1: Swinging Strike
2-2: Fly out, F9 (Flyball, 9S)
Bottom of the 10th over - 0 runs, 1 hit, 0 errors, 1 left on base; Red Deer 3 - Riverside 3
TOP OF THE 11TH
Red Deer Wranglers batting - Pitching for Riverside Red Bulls : RHP Ricardo López
Pitching: RHP Juan Herrera
Now in RF: Miguel Gálvez
Batting: RHB Julián García 0-0: Ball
1-0: Ball
2-0: Ground out 6-3 (Groundball, 6)
Batting: SHB Stan Gómez 0-0: Called Strike
0-1: Called Strike
0-2: Foul Ball, location: 2F
0-2: Strikes out swinging
Batting: LHB Jorge Olvera 0-0: Ball
1-0: Ball
2-0: Foul Ball, location: 2F
2-1: Foul Ball, location: 2F
2-2: Fly out, F8 (Flyball, 8RXD)
Top of the 11th over - 0 runs, 0 hits, 0 errors, 0 left on base; Red Deer 3 - Riverside 3
BOTTOM OF THE 11TH
Riverside Red Bulls batting - Pitching for Red Deer Wranglers : RHP Raúl Zumaya
Batting: LHB Gabriel Estrada 0-0: Fly out, F9 (Line Drive, 89D)
Batting: RHB Bobby Miller 0-0: Ball
1-0: Ball
2-0: Called Strike
2-1: Ball
3-1: Base on Balls
Batting: RHB Rich Crabtree 0-0: Foul Ball, location: 2F
0-1: Ball
1-1: Ball
2-1: Ball
3-1: Foul Ball, location: 2F
3-2: Grounds into double play, 6-4-3 (Groundball, 6)
Bottom of the 11th over - 0 runs, 0 hits, 0 errors, 0 left on base; Red Deer 3 - Riverside 3
TOP OF THE 12TH
Red Deer Wranglers batting - Pitching for Riverside Red Bulls : RHP Juan Herrera
Batting: RHB Rijk de Rade 0-0: Ball
1-0: Ball
2-0: SINGLE (Groundball, 34S) (infield hit)
Batting: RHB Ben Fisher 0-0: Ball
1-0: Swinging Strike
1-1: Swinging Strike
1-2: Foul Ball, location: 2F
1-2: Strikes out swinging
Batting: RHB Ricardo González 0-0: Called Strike
0-1: Swinging Strike
0-2: Ball
1-2: Foul Ball, location: 2F
1-2: Foul Ball, location: 2F
1-2: Foul Ball, location: 2F
1-2: Strikes out looking
Batting: SHB Robbie Rhodes 0-0: Ball
1-0: Called Strike
1-1: Ground out 4-3 (Groundball, 4)
Top of the 12th over - 0 runs, 1 hit, 0 errors, 1 left on base; Red Deer 3 - Riverside 3
BOTTOM OF THE 12TH
Riverside Red Bulls batting - Pitching for Red Deer Wranglers : RHP Raúl Zumaya
Pitching: RHP Pat Hardy
Batting: RHB Randall Luna 0-0: Ball
1-0: Ball
2-0: Ball
3-0: Called Strike
3-1: Reached on error, E8 (Flyball, 8LM)
Batting: RHB Steve West 0-0: Ball
1-0: Foul Ball, location: 2F
1-1: Ball
Wild Pitch!
Randall Luna to second
2-1: Ball
3-1: Swinging Strike
3-2: Foul Ball, location: 2F
3-2: Base on Balls
Pitching: LHP Ernesto Pérez
Batting: LHB Miguel Gálvez 0-0: Ball
1-0: Called Strike
1-1: Ball
2-1: Foul Ball, location: 2F
2-2: Fly out, F7 (Flyball, 78D)
Pitching: RHP Josh Ewing
Batting: SHB Carlos Ramírez 0-0: Swinging Strike
0-1: Swinging Strike
0-2: Strikes out looking
Batting: RHB John Burton 0-0: Fly out, F7 (Line Drive, 7LM)
Bottom of the 12th over - 0 runs, 0 hits, 1 error, 2 left on base; Red Deer 3 - Riverside 3
TOP OF THE 13TH
Red Deer Wranglers batting - Pitching for Riverside Red Bulls : RHP Juan Herrera
Pitching: LHP Monty Williams
Pinch Hitting: RHB Steve Burton 0-0: Called Strike
0-1: Ball
1-1: Ball
2-1: Ball
3-1: Base on Balls
Batting: RHB Xavier López 0-0: Ball
1-0: Called Strike
1-1: Ball
2-1: Sac Bunt - play at first, batter OUT! 1-4
Steve Burton to second
Batting: RHB Julián García 0-0: Intentional Walk
Batting: SHB Stan Gómez 0-0: Fly out, F8 (Flyball, 8RS)
Batting: LHB Jorge Olvera 0-0: Ball
1-0: Foul Ball, location: 2F
1-1: Swinging Strike
1-2: Ball
2-2: Foul Ball, location: 2F
2-2: Strikes out swinging
Top of the 13th over - 0 runs, 0 hits, 0 errors, 2 left on base; Red Deer 3 - Riverside 3
BOTTOM OF THE 13TH
Riverside Red Bulls batting - Pitching for Red Deer Wranglers : RHP Josh Ewing
Now at 2B: Steve Burton
Batting: SHB Enrique Uribe 0-0: Ball
1-0: Ball
2-0: Ball
3-0: Called Strike
3-1: Swinging Strike
3-2: Ground out 4-3 (Groundball, 34)
Batting: LHB Gabriel Estrada 0-0: Called Strike
0-1: Called Strike
0-2: SINGLE (Line Drive, 56D)
Batting: RHB Bobby Miller 0-0: Ball
Gabriel Estrada is caught stealing 2nd base
1-0: Ground out 4-3 (Groundball, 4)
Bottom of the 13th over - 0 runs, 1 hit, 0 errors, 0 left on base; Red Deer 3 - Riverside 3
TOP OF THE 14TH
Red Deer Wranglers batting - Pitching for Riverside Red Bulls : LHP Monty Williams
Batting: RHB Rijk de Rade 0-0: SINGLE (Groundball, 56D)
Batting: RHB Ben Fisher 0-0: Foul Ball, location: 2F
0-1: Swinging Strike
0-2: Strikes out swinging
Batting: RHB Ricardo González 0-0: Called Strike
0-1: Swinging Strike
0-2: Foul Ball, location: 2F
0-2: Ball
1-2: Ball
Wild Pitch!
Rijk de Rade to second
2-2: Ground out 3-1 (Groundball, 34)
Rijk de Rade to third
Batting: SHB Robbie Rhodes 0-0: Called Strike
0-1: Ball
1-1: Ball
2-1: Swinging Strike
2-2: Ball
3-2: Strikes out swinging
Top of the 14th over - 0 runs, 1 hit, 0 errors, 1 left on base; Red Deer 3 - Riverside 3
BOTTOM OF THE 14TH
Riverside Red Bulls batting - Pitching for Red Deer Wranglers : RHP Josh Ewing
Batting: RHB Rich Crabtree 0-0: Ball
1-0: Ball
2-0: Ball
3-0: Base on Balls
Batting: RHB Randall Luna 0-0: Ball
1-0: Ball
2-0: Ball
3-0: Base on Balls
Rich Crabtree to second
Pinch Runner at 2nd Luis Flores:
Batting: RHB Steve West 0-0: Ball
1-0: Ball
2-0: Foul Ball, location: 2F
2-1: Swinging Strike
2-2: Ball
3-2: Ground out 5-3 (Groundball, 56S)
Luis Flores to third
Randall Luna to second
Batting: LHB Miguel Gálvez 0-0: Intentional Walk
Batting: SHB Carlos Ramírez 0-0: Ball
1-0: Ball
2-0: Ball
3-0: Called Strike
3-1: Called Strike
3-2: Foul Ball, location: 2F
3-2: SINGLE (Groundball, 3D)
Luis Flores scores
Saturday, April 7th, 2018 - OOTP Baseball 18.8 Build 76